AoeStats
← [ NuMa] Knightwheels

Four Lakes

509784756Analyzed
1v1 RM · 3d ago on Sep 28, 2026· 42m 19s· 2 players
Game mode
Random Map
Map size
Tiny (2 player)
Population
200
Speed
Normal
Resources
Standard
Victory
Conquest
Starting age
Dark Age
Ending age
Imperial Age
RankedLock teamsTeams togetherTeam positionsShared explorationLock speedFull tech treeHidden civsTurbo modeCheats
Victory
Defeat
🇨🇴 Bulgarians · Colombia
477
+2
🇵🇪 Khmer · Peru
2
-2
KEVIN
12:46 Feudal Age
15:36 Wheelbarrow
16:53 Double-Bit Axe
18:40 Horse Collar
25:29 Castle Age
34:10 Hand Cart
34:59 Pikeman
36:57 Gold Mining
36:58 Stone Mining
38:17 Gold Shaft Mining
39:40 Stone Shaft Mining
41:30 Fishing Lines
41:57 Man-at-Arms
[ NuMa] Knightwheels
0:27 Loom
12:31 Feudal Age
18:43 Castle Age
18:06 Scale Mail Armor
20:54 Chain Mail Armor
20:41 Squires
20:48 Squires
22:27 Wheelbarrow
21:56 Horse Collar
22:03 Double-Bit Axe
23:25 Forging
24:45 Pikeman
25:19 Arson
26:48 Iron Casting
28:56 Ballistics
29:17 Fletching
29:30 Murder Holes
30:58 Stirrups
31:24 Light Cavalry
32:15 Bloodlines
33:51 Herbal Medicine
36:01 Scale Barding Armor
37:53 Bow Saw
38:51 Masonry
38:38 Bodkin Arrow
39:04 Chain Barding Armor
39:46 Town Watch
42:34 Imperial Age
39:51 Town Watch
40:52 Padded Archer Armor
Connection lost

Rejoining the realm…

Still unreachable

The connection could not be restored.

Session expired

The server has moved on; the page needs a fresh start.